 Dungeon Crawl Stone Soup version 0.13.0-59-g13bd910 (webtiles) character file.

113 MackTheKnife the Insei (level 3, -1/26 HPs)
             Began as a Merfolk Transmuter on Nov 22, 2013.
             Slain by a halfling (5 damage)
             ... on Level 1 of the Dungeon.
             The game lasted 00:01:55 (980 turns).

MackTheKnife the Insei (Merfolk Transmuter)          Turns: 980, Time: 00:01:55

HP  -1/26        AC  2     Str 10      XL: 3   Next: 97%
MP   3/4         EV 13     Int 12      God:
Gold 57          SH  0     Dex 15      Spells:  1 memorised,  6 levels left

Res.Fire  : . . .   See Invis. : .     - Unarmed
Res.Cold  : . . .   Warding    : .   c - +0 robe
Life Prot.: . . .   Conserve   : .   (no shield)
Res.Poison: .       Res.Corr.  : .   (helmet restricted)
Res.Elec. : .       Clarity    : .   (no cloak)
Sust.Abil.: . .     Spirit.Shd : .   (no gloves)
Res.Mut.  : .       Stasis     : .   (no boots)
Res.Rott. : .       Flight     : .   (no amulet)
Saprovore : . . .                    (no ring)
                                     (no ring)

@: appendage (expiring), not resistant to hostile enchantments, unstealthy
A: change form in water, swift swim, horns 2
a: End Transformation


You were on level 1 of the Dungeon.
You were hungry.
You had grown temporary horns.
You visited 1 branch of the dungeon, and saw 1 of its levels.

You collected 37 gold pieces.


Innate Abilities, Weirdness & Mutations

You revert to your normal form in water.
You are very nimble and swift while swimming.
You have a pair of horns on your head.


   Skills:
 - Level 1.1 Fighting
 - Level 2.6 Dodging
 + Level 4.0 Unarmed Combat
 + Level 2.6 Spellcasting
 + Level 3.9 Transmutations


You had 6 spell levels left.
You knew the following spells:

 Your Spells              Type           Power        Failure   Level  Hunger
z - Beastly Appendage     Trmt           ##....       6%          1    #......

Inventory:

Missiles
 b - 12 arrows
 i - 13 stones (quivered)
Armour
 c - a +0 robe (worn)
Comestibles
 a - a bread ration
 f - a meat ration
Scrolls
 e - 2 scrolls of identify {unknown}
 h - a scroll of noise {unknown}
 k - 4 scrolls of enchant armour {unknown}
 m - a scroll of magic mapping {unknown}
Potions
 g - 2 potions of curing {unknown}
 j - a potion of resistance {unknown}
 l - 2 potions of invisibility {unknown}
Books
 d - a book of Changes

   Spells                             Type                      Level
   *Beastly Appendage                 Transmutation                1
   Sticks to Snakes                   Transmutation                2
   Spider Form                        Transmutation/Poison         3
   Ice Form                           Ice/Transmutation            4
   Blade Hands                        Transmutation                5

▒···············
▒·▒▒▒▒··▒···)··· ▒ ▒▒▒
▒··▒······· ♣▒♣P♣▒▒
▒·······▒▒· ♣♣▒PP♣♣
▒·····)·▒▒· ▒▒▒PP·PP ♣▒
▒·····)·▒▒· ▒♣PP···▒▒P▒
▒·······▒▒· ♣PP·(@PP▒
▒····(····· ▒♣PP###mP▒
▒·····▒·▒▒· ▒P▒P··%PPP▒
▒)····▒·▒▒· ▒♣P·····P▒▒
▒····%▒%▒▒· ▒▒·······♣▒
▒··▒▒····▒·
▒♣···#···♣▒▒▒▒··▒▒······
▒♣≈%#····♣▒·····▒▒····▒·
▒♣P·····P♣▒·····▒▒····▒·
▒♣P▒···PP♣▒·····▒▒··%)▒·
♣♣P▒)PPP▒▒·····▒▒·▒··▒·


You could see a halfling.


Message History

The halfling hits you.
* * * LOW HITPOINT WARNING * * *
You hit the halfling but do no damage.
The halfling is almost dead.
The halfling barely misses you.
Unknown command.
You grow a pair of large bovine horns.
The halfling hits you.
* * * LOW HITPOINT WARNING * * *
Unknown command.
You closely miss the halfling.
The halfling is almost dead.
The halfling barely misses you.
You closely miss the halfling.
The halfling is almost dead.
The halfling closely misses you.
You closely miss the halfling.
The halfling is almost dead.
The halfling misses you.
You closely miss the halfling.
The halfling is almost dead.
The halfling barely misses you.
You hit the halfling but do no damage.
The halfling is almost dead.
The halfling hits you.
* * * LOW HITPOINT WARNING * * *
You hit the halfling but do no damage.
The halfling is almost dead.
Your transformation is almost over.
The halfling hits you.
You die...

Action                   || total
-------------------------++-------
Melee: Unarmed           ||   160
 Cast: Beastly Appendage ||     5

Vault maps used:
D:1:      mrwooster_entry_statue, lexackson_kobold_supper

Notes
Turn   | Place    | Note
--------------------------------------------------------------
     0 | D:1      | MackTheKnife, the Merfolk Transmuter, began the quest for the Orb.
     0 | D:1      | Reached XP level 1. HP: 15/15 MP: 1/1
    46 | D:1      | Reached skill level 3 in Transmutations
   333 | D:1      | Reached XP level 2. HP: 19/21 MP: 3/3
   453 | D:1      | Reached XP level 3. HP: 19/26 MP: 4/4
   960 | D:1      | Reached skill level 4 in Unarmed Combat
   980 | D:1      | Slain by a halfling

Vanquished Creatures
  A halfling (D:1)
  A gnoll (D:1)
  6 bats (D:1)
  5 hobgoblins (D:1)
  8 kobolds (D:1)
  A giant newt (D:1)
  A goblin (D:1)
  5 rats (D:1)
  A plant (D:1)
29 creatures vanquished.

Vanquished Creatures (others)
  A halfling (D:1)
1 creature vanquished.

Grand Total: 30 creatures vanquished
